 Dungeon Crawl Stone Soup version 0.27-a0-1595-g0b823d0a13 (webtiles) character file.

Game seed: 16967717461210738037

130 EiAlmux the Digger (level 5, -3/30 HPs)
             Began as a Gargoyle Earth Elementalist on July 20, 2021.
             Slain by an orc priest (8 damage)
             ... on level 3 of the Dungeon.
             The game lasted 00:06:20 (3311 turns).

EiAlmux the Digger (Gargoyle Earth Elementalist)    Turns: 3311, Time: 00:06:21

Health: -3/30      AC:  6    Str: 11    XL:     5   Next: 14%
Magic:  1/9        EV: 11    Int: 17    God:
Gold:   78         SH:  0    Dex: 10    Spells: 6/9 levels left

rFire    . . .     SeeInvis .   e - +0 dagger
rCold    . . .     Faith    .   (no shield)
rNeg     + . .     Spirit   .   b - +0 robe
rPois    ∞         Reflect  .   (no helmet)
rElec    +         Harm     .   (no cloak)
rCorr    .         Rampage  .   (no gloves)
Will     .....                  (no boots)
Stlth    ++........             (no amulet)
HPRegen  0.10/turn              (no ring)
MPRegen  0.11/turn              (no ring)

@: no status effects
A: sickness immunity, AC +4, negative energy resistance 1, electricity
resistance, torment resistance 1, petrification resistance
a: no special abilities


You were on level 3 of the Dungeon.
You visited 1 branch of the dungeon, and saw 3 of its levels.

You collected 78 gold pieces.

Inventory:

Hand Weapons
 e - a +0 dagger (weapon)
 o - a +0 short sword
Missiles
 c - 46 stones
Armour
 b - a +0 robe (worn)
 n - a +0 leather armour
 p - a +1 ring mail of willpower
Jewellery
 i - a ring of resist corrosion
Scrolls
 a - a scroll of blinking {unknown}
 g - a scroll of enchant weapon {unknown}
 k - a scroll of teleportation {unknown}
 l - a scroll of enchant armour {unknown}
 m - a scroll of noise {unknown}
 q - a scroll of summoning {unknown}
 r - 2 scrolls of immolation {unknown}
 t - 3 scrolls of fear {unknown}
Potions
 d - 2 potions of invisibility {unknown}
 f - a potion of curing {unknown}
 h - 2 potions of heal wounds {unknown}
 j - 2 potions of cancellation {unknown}
 s - a potion of lignification {unknown}


   Skills:
 - Level 2.0 Fighting
 - Level 1.5 Dodging
 - Level 2.1 Stealth
 + Level 2.7 Spellcasting
 - Level 1.5 Transmutations
 * Level 5.3 Earth Magic


You had 6 spell levels left.
You knew the following spells:

 Your Spells              Type           Power      Damage    Failure   Level
a - Sandblast             Erth           40%        2d10      1%          1
e - Passwall              Tmut/Erth      10%        N/A       7%          2

Your spell library contained the following spells:

 Spells                   Type           Power      Damage    Failure   Level
 Sting                    Tmut/Pois      16%        1d3       13%         1
 Stone Arrow              Conj/Erth      22%        3d8       19%         3
 Poisonous Vapours        Pois/Air       4%         N/A       26%         2
 Petrify                  Tmut/Erth      13%        N/A       41%         4
 Olgreb's Toxic Radiance  Pois           2%         N/A       87%         4


Dungeon Overview and Level Annotations

Branches:
Dungeon (3/15)

Altars:
Xom

Annotations:
D:3 Grinder


Innate Abilities, Weirdness & Mutations

You are immune to sickness and miasma.
Your stone body is resilient. (AC +4)
You are immune to poison.
You resist negative energy. (rN+)
You are resistant to electric shocks. (rElec)
You are resistant to unholy torment.
You are immune to petrification.


Message History

Press: ? - help, Shift-Dir - straight line, f/p - orc
Aim: an orc, wielding a +0 club and wearing a +0 chain mail (lightly wounded, 86% to hit)
The blast of sand hits the orc!
You kill the orc!
The orc barely misses you.
Casting: Sandblast (safe; 1% risk of failure)
Confirm with . or Enter, or press ? or * to list all spells.
Aiming: Sandblast (safe; 1% risk of failure)
Press: ? - help, Shift-Dir - straight line, f/p - orc
Aim: an orc, wielding a +0 club and wearing a +0 chain mail (86% to hit)
The blast of sand hits the orc!
You kill the orc!
The orc priest hits you but does no damage.
Things that are here:
a +0 club; a +0 chain mail You hit the orc priest but do no damage.
The orc priest invokes the aid of Beogh against you.
Beogh smites you!
You hit the orc priest.
The orc priest is moderately wounded.
The orc priest hits you with a +2 flail of protection.
You hit the orc priest.
The orc priest is heavily wounded.
The orc priest hits you with a +2 flail of protection.
You hit the orc priest but do no damage.
The orc priest is heavily wounded.
The orc priest closely misses you.
Casting: Sandblast (safe; 1% risk of failure)
Confirm with . or Enter, or press ? or * to list all spells.
Aiming: Sandblast (safe; 1% risk of failure)
Press: ? - help, Shift-Dir - straight line, f - orc priest
Aim: an orc priest, wielding a +2 flail of protection (heavily wounded, 81% to hit)
The blast of sand hits the orc priest but does no damage.
The orc priest is heavily wounded.
The orc priest hits you with a +2 flail of protection.
* * * LOW HITPOINT WARNING * * *
You barely miss the orc priest.
The orc priest is heavily wounded.
The orc priest hits you with a +2 flail of protection!
You die...

#.#.................
#########
#.##################
.o..o...# #.###### #
#######o# #......# #
#.# ######.# # #.#
#.# #.# #.#
#.###########.#
#..).....o@...#
#############.# ###


You could see an orc priest.

Vanquished Creatures
  An orc priest (D:3)
  2 adders (D:2)
  A gnoll (D:3)
  A dart slug (D:2)
  3 orcs (D:3)
  6 endoplasms
  6 goblins
  5 hobgoblins
  12 jackals
  6 kobolds
  2 quokkas (D:2)
  5 ball pythons
  2 bats
  2 frilled lizards (D:1)
  5 rats
59 creatures vanquished.

Notes
Turn   | Place    | Note
-------+----------+-------------------------------------------
     0 | D:1      | EiAlmux the Gargoyle Earth Elementalist began the quest for
                  | the Orb.
     0 | D:1      | Reached XP level 1. HP: 10/10 MP: 3/3
   233 | D:1      | Reached skill level 1 in Transmutations
   233 | D:1      | Reached XP level 2. HP: 12/16 MP: 0/5
   488 | D:1      | Reached skill level 4 in Earth Magic
  1033 | D:1      | Reached skill level 1 in Fighting
  1075 | D:1      | Reached XP level 3. HP: 20/20 MP: 6/6
  1322 | D:2      | Learned a level 2 spell: Passwall
  2131 | D:2      | Reached XP level 4. HP: 25/25 MP: 5/7
  2187 | D:2      | Found a shimmering altar of Xom.
  3155 | D:3      | Noticed Grinder
  3255 | D:3      | Reached skill level 5 in Earth Magic
  3255 | D:3      | Reached XP level 5. HP: 30/30 MP: 6/9
  3311 | D:3      | Slain by an orc priest

Illustrated notes

Levels and vault maps discovered:
D:1:      shiori_arrival_whats_in_store_for_you, layout_rooms
D:2:      layout_basic, basic_altar
D:3:      layout_basic, dilly_ecumenical_altar_fadedgnrine,
          kennysheep_decorative_pillar, uniq_grinder

Skill      XL: |  1  2  3  4 |
---------------+-------------+-----
Transmutations | 1 |  1.5
Earth Magic    | 4 5 |  5.3
Fighting       | 1 2 |  2.0
Dodging        | |  1.5
Stealth        | |  2.1
Spellcasting   | |  2.7

Action                   |  1- 3 |  4- 6 || total
-------------------------+-------+-------++-------
Melee: Unarmed           |    16 |       ||    16
       Dagger            |   126 |    34 ||   160
 Cast: Sandblast         |    27 |    23 ||    50
 Stab: Sleeping          |     3 |       ||     3
Armor: Robe              |    45 |    13 ||    58
Dodge: Dodged            |   122 |    21 ||   143

Table legend: (Time is in decaauts)
 A = Elapsed time spent in this place.
 B = Non-inter-level travel time spent in this place.
 C = Inter-level travel time spent in this place.
 D = Time resting spent in this place.
 E = Time spent auto-exploring this place.
 F = Levels seen in this place.
 G = Mean time per level.
                   A        B        C        D        E       F      G
               +--------+--------+--------+--------+--------+-----+--------+
         Total |   3310 |   3249 |     61 |    311 |   2320 |   3 | 1103.3 |
       Dungeon |   3310 |   3249 |     61 |    311 |   2320 |   3 | 1103.3 |
               +--------+--------+--------+--------+--------+-----+--------+

Top non-repeatable levels by time:
     D:2: 1583 daAuts
     D:1: 1299 daAuts
     D:3: 426 daAuts
